 Dungeon Crawl Stone Soup version 0.28-a0-751-gef3a642a4e (webtiles) character file.

Game seed: 14750524300775134619

84 croobank the Digger (level 4, -2/24 HPs)
             Began as a Gargoyle Earth Elementalist on Oct 31, 2021.
             Killed by divine providence
             ... invoked by an orc priest
              (8 damage)
             ... on level 3 of the Dungeon.
             The game lasted 00:14:50 (2941 turns).

croobank the Digger (Gargoyle Earth Elementalist)   Turns: 2941, Time: 00:14:50

Health: -2/24      AC:  6    Str: 12    XL:     4   Next: 45%
Magic:  1/7        EV: 11    Int: 16    God:
Gold:   99         SH:  0    Dex: 10    Spells: 7/8 levels left

rFire   . . .      SeeInvis .   k - +0 long sword
rCold   . . .      Faith    .   (no shield)
rNeg    + . .      Spirit   .   b - +0 leather armour
rPois   ∞          Reflect  .   (no helmet)
rElec   +          Harm     .   (no cloak)
rCorr   .          Rampage  .   (no gloves)
Will    .....                   (no boots)
Stlth   ++........              (no amulet)
HPRegen 0.08/turn               (no ring)
MPRegen 0.10/turn               (no ring)

@: no status effects
A: sickness immunity, AC +3, negative energy resistance 1, electricity
resistance, torment resistance 1, petrification resistance
a: no special abilities


You were on level 3 of the Dungeon.
You visited 1 branch of the dungeon, and saw 3 of its levels.

You collected 99 gold pieces.

Inventory:

Hand Weapons
 d - a +1 short sword of freezing
 e - a +0 spear
 g - a +0 hand axe
 k - a +0 long sword (weapon)
Missiles
 c - 84 stones
 f - 29 sling bullets
 l - 25 bolts
 p - 29 arrows
Armour
 b - a +0 leather armour (worn)
 j - a +0 ring mail
Scrolls
 a - 2 scrolls of enchant armour {unknown}
 h - a scroll of immolation
 n - a scroll of teleportation {unknown}
 s - a scroll of blinking {unknown}
Potions
 i - a potion of invisibility
 m - a potion of cancellation
 q - a potion of haste {unknown}


   Skills:
 + Level 0.2 Fighting
 + Level 0.5(0.6) Short Blades
 + Level 0.2(0.4) Long Blades
 + Level 0.5 Armour
 + Level 1.8 Dodging
 + Level 2.6 Stealth
 + Level 2.6 Spellcasting
 + Level 0.7 Transmutations
 + Level 4.8 Earth Magic


You had 7 spell levels left.
You knew the following spells:

 Your Spells              Type           Power      Damage    Failure   Level
a - Sandblast             Erth           34%        2d9       3%          1

Your spell library contained the following spells:

 Spells                   Type           Power      Damage    Failure   Level
 Passwall                 Tmut/Erth      9%         N/A       12%         2
 Stone Arrow              Conj/Erth      18%        3d8       26%         3
 Petrify                  Tmut/Erth      11%        N/A       61%         4


Dungeon Overview and Level Annotations

Branches:
Dungeon (3/15)

Altars:
Xom


Innate Abilities, Weirdness & Mutations

You are immune to sickness and miasma.
Your stone body is resilient. (AC +3)
You are immune to poison.
You resist negative energy. (rN+)
You are resistant to electric shocks. (rElec)
You are resistant to unholy torment.
You are immune to petrification.


Message History

The orc priest closely misses you.
You hit the orc priest.
The orc priest is lightly wounded.
The orc priest looks satisfied for a moment.
You hit the orc priest.
The orc priest is moderately wounded.
The orc priest hits you with a +0 hand axe.
* * * LOW HITPOINT WARNING * * *
You feel much better.
The orc priest hits you with a +0 hand axe.
You hit the orc priest.
The orc priest is heavily wounded.
The orc priest hits you but does no damage.
The orc priest hits you with a +0 hand axe.
You barely miss the orc priest.
The orc priest is heavily wounded.
The orc priest completely misses you.
You barely miss the orc priest.
The orc priest is heavily wounded.
The orc priest hits you with a +0 hand axe. x2
You hit the orc priest but do no damage.
The orc priest is heavily wounded.
The orc priest barely misses you.
You completely miss the orc priest.
The orc priest is heavily wounded.
The orc priest invokes the aid of Beogh against you.
Beogh smites you!
* * * LOW HITPOINT WARNING * * *
Okay, then.
Okay, then.
Aiming: Sandblast (safe; 3% risk of failure)
Press: ? - help, Q - select action, (/) - cycle Shift-Dir - straight line, f/p - orc priest
Aim: an orc priest, wielding a +0 hand axe and wearing a +0 scale mail (heavily wounded, 82% to hit)
The blast of sand hits the orc priest but does no damage.
The orc priest is heavily wounded.
The orc priest hits you with a +0 hand axe.
* * * LOW HITPOINT WARNING * * *
The orc priest mumbles some strange prayers to Beogh against you.
Beogh smites you!
You die...

#.####.## #........
##.#.##.## ### ##.###.#.#
..# ##.## ##..# # #.#
#.## ##.# #.#.# ##.##
##.##
#.#.##########.###.## #
#...o.@.....##..#.##
#.###)###.###.##.#.##
#.)...# #.# #.##.##.##
####...##.###.##.#...####
....................>.+
###....#####.###....####
##.#.# #.# #.#.## # #.#.#
#.# #.### #.... ..# #.#


You could see an orc priest.

Vanquished Creatures
  A gnoll (D:1)
  2 worms (D:3)
  A dart slug (D:1)
  4 orcs (D:3)
  2 bats
  5 endoplasms
  3 giant cockroaches
  6 hobgoblins
  10 jackals
  3 quokkas
  5 ball pythons
  A frilled lizard (D:3)
  4 goblins
  A kobold (D:1)
  6 rats
54 creatures vanquished.

Notes
Turn   | Place    | Note
-------+----------+-------------------------------------------
     0 | D:1      | croobank the Gargoyle Earth Elementalist began the quest
                  | for the Orb.
     0 | D:1      | Reached XP level 1. HP: 10/10 MP: 3/3
   328 | D:1      | Reached XP level 2. HP: 15/15 MP: 3/5
   329 | D:1      | Reached skill level 4 in Earth Magic
   481 | D:1      | Found a faded altar of an unknown god.
   488 | D:1      | Reached XP level 3. HP: 19/19 MP: 2/6
  1581 | D:2      | Found a shimmering altar of Xom.
  1941 | D:2      | Reached XP level 4. HP: 24/24 MP: 4/7
  2941 | D:3      | Killed from afar by an orc priest

Illustrated notes

Levels and vault maps discovered:
D:1:      ebering_trefoil_3fold, layout_basic, ebering_ecumenical_altar_ruins
D:2:      layout_loops_corners, basic_altar
D:3:      layout_loops_corners, uniq_natasha, uniq_terence,
          uniq_crazy_yiuf_cottage

Skill      XL: |  1  2 |
---------------+-------+-----
Earth Magic    | 4 |  4.8
Fighting       | |  0.2
Short Blades   | |  0.5
Long Blades    | |  0.2
Armour         | |  0.5
Dodging        | |  1.8
Stealth        | |  2.6
Spellcasting   | |  2.6
Transmutations | |  0.7

Action                   |  1- 3 |  4- 6 || total
-------------------------+-------+-------++-------
Melee: Short sword       |    21 |       ||    21
       Long sword        |       |    45 ||    45
 Cast: Sandblast         |    43 |    18 ||    61
  Use: Scroll            |     2 |     2 ||     4
       Potion            |       |     2 ||     2
 Stab: Sleeping          |       |     2 ||     2
Armor: Ring mail         |    14 |       ||    14
       Leather armour    |       |    12 ||    12
Dodge: Dodged            |    10 |    23 ||    33

Table legend: (Time is in decaauts)
 A = Elapsed time spent in this place.
 B = Non-inter-level travel time spent in this place.
 C = Inter-level travel time spent in this place.
 D = Time resting spent in this place.
 E = Time spent auto-exploring this place.
 F = Levels seen in this place.
 G = Mean time per level.
                   A        B        C        D        E       F      G
               +--------+--------+--------+--------+--------+-----+--------+
         Total |   2959 |   2870 |     89 |    136 |   2180 |   3 |  986.3 |
       Dungeon |   2959 |   2870 |     89 |    136 |   2180 |   3 |  986.3 |
               +--------+--------+--------+--------+--------+-----+--------+

Top non-repeatable levels by time:
     D:2: 1121 daAuts
     D:1: 1091 daAuts
     D:3: 746 daAuts
